 Dungeon Crawl Stone Soup version 0.28.0-43-g3370ac3207 (webtiles) character file.

Game seed: 12538435230217133792

9 terff the Sneak (level 2, -6/19 HPs)
             Began as an Octopode Brigand on Mar 20, 2022.
             Mangled by a lemure (8 damage)
             ... led by Pikel
             ... on level 5 of the Dungeon.
             The game lasted 00:01:54 (344 turns).

terff the Sneak (Octopode Brigand)                   Turns: 344, Time: 00:01:55

Health: -6/19      AC:  1    Str: 10    XL:     2   Next: 16%
Magic:  2/2        EV: 12    Int: 13    God:
Gold:   6          SH:  0    Dex: 13    Spells: 1/1 levels left

rFire   . . .      SeeInvis .   a - +2 dagger
rCold   . . .      Faith    .   (no shield)
rNeg    . . .      Spirit   .   (helmet restricted)
rPois   .          Reflect  .   (no amulet)
rElec   .          Harm     .   (no ring)
rCorr   .          Rampage  .   (no ring)
Will    .....                   (no ring)
Stlth   ++++......              (no ring)
HPRegen 0.06/turn               (no ring)
MPRegen 0.08/turn               (no ring)
                                (no ring)
                                (no ring)

@: no status effects
A: almost no armour, amphibious, 8 rings, camouflage 1, gelatinous body 1,
(nimble swimmer 1), tentacles
a: no special abilities


You were on level 5 of the Dungeon.
You visited 1 branch of the dungeon, and saw 6 of its levels.

You collected 6 gold pieces.

Inventory:

Hand Weapons
 a - a +2 dagger (weapon)
Missiles
 b - 8 poisoned darts (quivered)
 c - 2 curare-tipped darts
Magical Staves
 e - a staff of death
Scrolls
 d - 2 scrolls of identify {unknown}


   Skills:
 + Level 2.0 Fighting
 + Level 2.0 Short Blades
 + Level 2.0 Throwing
 + Level 1.0 Dodging
 + Level 6.0 Stealth


You had one spell level left.
You didn't know any spells.
Your spell library was empty.

Dungeon Overview and Level Annotations

Branches:
Dungeon (6/15)
 Temple: D:4-7

Altars:

Annotations:
D:3 Grinder
D:6 Pikel


Innate Abilities, Weirdness & Mutations

You cannot wear most types of armour.
You are amphibious.
You can wear up to eight rings at the same time.
Your skin changes colour to match your surroundings (Stealth+).
Your rubbery body absorbs attacks. (AC +1, EV +1)
((You are camouflaged when in or above water. (Stealth+)))
You have tentacles for arms and can constrict up to eight enemies at once.


Message History

There is a stone staircase leading up here.
There is a stone staircase leading down here.
You climb downwards.
The lemure shouts! x2; You hear an angry growl.
There is a stone staircase leading up here.
The lemure hits you. x2
You climb upwards.
There is a stone staircase leading down here.
The lemure closely misses you.
You hit the lemure but do no damage. You grab the lemure.
You constrict the lemure, but do no damage.
The lemure hits you.
You release your grip on the lemure.
You hit the lemure. You grab the lemure. You squeeze the lemure.
The lemure is lightly wounded.
You constrict the lemure, but do no damage.
The lemure barely misses you.
You hit the lemure but do no damage.
The lemure is lightly wounded.
You constrict the lemure, but do no damage.
The lemure barely misses you.
You hit the lemure. You squeeze the lemure.
The lemure is heavily wounded.
You constrict the lemure. The lemure misses you.
You barely miss the lemure.
The lemure is heavily wounded.
You constrict the lemure, but do no damage.
The lemure hits you.
* * * LOW HITPOINT WARNING * * *
You hit the lemure but do no damage. You squeeze the lemure.
The lemure is severely wounded.
You constrict the lemure. The lemure closely misses you.
You hit the lemure but do no damage.
The lemure is severely wounded.
You constrict the lemure. The lemure hits you but does no damage.
You hit the lemure. You squeeze the lemure.
The lemure is almost dead.
You constrict the lemure, but do no damage.
The lemure hits you!
You die...

.# .## .. ..
.# .#
######.####..
#<.55@......#
#.#.####..#.#
.....# ...
#.#.### #
###.# h..
.#.# #.#.#


You could see 2 lemures.

Vanquished Creatures
  3 jackals (D:3)
  A quokka (D:2)
  2 ball pythons
  A bat (D:1)
  A frilled lizard (D:1)
  A rat (D:2)
9 creatures vanquished.

Notes
Turn   | Place    | Note
-------+----------+-------------------------------------------
     0 | D:1      | terff the Octopode Brigand began the quest for the Orb.
     0 | D:1      | Reached XP level 1. HP: 14/14 MP: 1/1
     6 | D:1      | Noticed an anaconda
     6 | D:1      | Noticed a snapping turtle
     7 | D:1      | Noticed a wolf
   239 | D:3      | Noticed Grinder
   264 | D:3      | Reached XP level 2. HP: 15/19 MP: 2/2
   266 | D:3      | Reached skill level 6 in Stealth
   314 | D:4      | Noticed a scorpion
   328 | D:5      | Entered Level 5 of the Dungeon
   332 | D:6      | Noticed Pikel
   332 | D:6      | Noticed a lemure
   332 | D:6      | Noticed a lemure
   332 | D:6      | Noticed a lemure
   332 | D:6      | Noticed a lemure
   332 | D:6      | Noticed a necrophage
   333 | D:6      | Noticed a black bear
   344 | D:5      | Mangled by a lemure

Illustrated notes

Levels and vault maps discovered:
D:1:      onia_arrival_zoo_common, layout_basic, chequers_serial_rivers_room_b
D:2:      layout_basic, basic_altar
D:3:      layout_loops_corners, fedhas_altar_4, uniq_grinder,
          uniq_crazy_yiuf_cottage, uniq_terence
D:4:      layout_loops_corners, kiku_gazebo_garden_becter,
          nicolae_yredelemnul_ghost_church, corexii_item_surrounded_by_moat,
          minmay_manual_monstrance
D:5:      layout_loops_ring, minivault_24, hangedman_decor_points
D:6:      layout_cave_pools, minmay_temple_entry_proselytizer, st_stairs_7,
          minmay_shop_grid_forest, uniq_pikel

Skill      XL: |  1  2 |
---------------+-------+-----
Stealth        | 6 |  6.0
Fighting       | |  2.0
Short Blades   | |  2.0
Throwing       | |  2.0
Dodging        | |  1.0

Action                   || total
-------------------------++-------
Melee: Dagger            ||    25
       Constrict         ||     5
       Tentacles         ||     7
 Stab: Sleeping          ||     5
Armor: Skin              ||     2
Dodge: Dodged            ||    18
